 Dungeon Crawl Stone Soup version 0.31-b1-18-g61460d1e46 (webtiles) character file.

Game seed: 119201608539506352

31 Esekla the Sneak (level 3, 26/26 HPs)
             Began as an Octopode Delver on Jan 16, 2024.
             Quit the game on level 5 of the Dungeon.
             The game lasted 00:03:03 (398 turns).

Esekla the Sneak (Octopode Delver)                   Turns: 398, Time: 00:03:04

Health: 26/26      AC:  1    Str: 11    XL:     3   Next: 22%
Magic:  3/3        EV: 13    Int: 14    God:
Gold:   30         SH:  0    Dex: 13    Spells: 3/3 levels left

rFire   . . .        c - +0 long sword
rCold   . . .        (no shield)
rNeg    . . .        (helmet restricted)
rPois   .            (no amulet)
rElec   .            (no ring)
rCorr   .            (no ring)
SInv    .            (no ring)
Will    .....        (no ring)
Stlth   ++++         (no ring)
HPRegen 0.24/turn    (no ring)
MPRegen 0.08/turn    (no ring)
                     (no ring)

%: no passive effects
@: no status effects
A: almost no armour, amphibious, 8 rings, camouflage 1, gelatinous body 1,
(nimble swimmer 1), tentacles
a: no special abilities


You were on level 5 of the Dungeon.
You visited 1 branch of the dungeon, and saw 1 of its levels.

You collected 30 gold pieces.

Inventory:

Hand Weapons
 c - a +0 long sword (weapon)
Jewellery
 g - an amulet of regeneration
Wands
 f - a wand of digging (3)
Scrolls
 b - a scroll of fog
Potions
 a - 2 potions of curing {unknown}
 e - a potion of haste


   Skills:
 * Level 3.2 Fighting
 * Level 2.2 Long Blades
 * Level 2.2 Dodging
 + Level 7.2 Stealth
 * Level 0.6 Spellcasting


You had 3 spell levels left.
You didn't know any spells.
Your spell library was empty.

Dungeon Overview and Level Annotations

Branches:
Dungeon (5/15)
 Temple: D:4-7

Altars:
Makhleb
Uskayaw


Innate Abilities, Weirdness & Mutations

You cannot wear most types of armour.
You are amphibious.
You can wear up to eight rings at the same time.
Your skin changes colour to match your surroundings (Stealth+).
Your rubbery body absorbs attacks. (AC +1, EV +1)
((You are camouflaged when in or above water. (Stealth+)))
You have tentacles for arms and can constrict up to eight enemies at once.


Message History

Increase (S)trength, (I)ntelligence, or (D)exterity?
You feel clever. x2
Found a human corpse.
You see here a hound corpse.
You start resting.
HP restored.
You see here a hound corpse.
As you open the door, it creaks loudly! 3 jackals come into view.
The jackal barks!
You hear a bark!
The jackal moves out of view.
The jackal barks! x2
You close the door.
You open the door.
There is an open door here.
You open the door.
Found 2 pink potions.
There is an open door here.
a - 2 pink potions You open the door.
A black bear comes into view.
Found 10 gold pieces.
You close the door.
There is an open door here.
You open the door.
There is an open door here.
You open the door.
There is an open door here.
There is an open door here.
Found 14 gold pieces.
You now have 22 gold pieces (gained 14).
A quokka comes into view.
You hit the quokka.
You kill the quokka!
Found 8 gold pieces.
There is an open door here.
Found a stone staircase leading down.
Found a hide-covered altar of Uskayaw.
You now have 30 gold pieces (gained 8).
Are you sure you want to abandon this character and quit the game? (Confirm with "yes".)

#########'#.≈.....~,********
##........#..≈≈≈§≈,,**,,,,,*
.#.........#######**,*,,,,,*
.................#,,,+,,,,,*
.................###,#,,,,,****
.############......#.##+****,,*
.# #.....#......'..,,,,,,,,* .#
#.....#......#..,,,,,,,,* .#
#.....#..>@..#,,,,,,,,,,* .#
#..#+##......#,,**,***,,* **
###........###,,**,***,,*
#........#,,,,,,,,,,,,*
#........#,,,,,,,,,,,,*
#........#,,,,**,,**,,*
#....#####,,,,**,,**,,* #....#
*,,,,,,*,,,*,,* #....#
*,,,,,,*,,,+,,*


There were no monsters in sight!

Vanquished Creatures
  A hound (D:5)
  A quokka (D:5)
2 creatures vanquished.

Notes
Turn   | Place    | Note
-------+----------+-------------------------------------------
     0 | D:5      | Esekla the Octopode Delver began the quest for the Orb.
     0 | D:5      | Reached XP level 1. HP: 16/16 MP: 1/1
    21 | D:5      | Noticed a bombardier beetle
    34 | D:5      | Noticed a bombardier beetle
    83 | D:5      | Noticed a hound
   100 | D:5      | Found a burning altar of Makhleb.
   100 | D:5      | Noticed a hound
   103 | D:5      | Killed a hound
   104 | D:5      | Reached skill level 7 in Stealth
   104 | D:5      | Reached XP level 2. HP: 2/21 MP: 2/2
   104 | D:5      | Reached XP level 3. HP: 3/26 MP: 3/3
   280 | D:5      | Noticed a black bear
   375 | D:5      | Found a hide-covered altar of Uskayaw.
   398 | D:5      | Quit the game

Illustrated notes

Levels and vault maps discovered:
D:5:      layout_gridville, mainiacjoe_overflow_paths,
          makhleb_blood_cavern_becter

Skill      XL: |  1 |
---------------+----+-----
Stealth        | 7 |  7.2
Fighting       | |  3.2
Long Blades    | |  2.2
Dodging        | |  2.2
Spellcasting   | |  0.6

Action                     || total
---------------------------++-------
  Melee: Long sword        ||     8
         Tentacles         ||     1
    Use: Scroll            ||     2
 Armour: Skin              ||     6
  Dodge: Dodged            ||     7
